 Dungeon Crawl Stone Soup version 0.29-a0-892-g2c4c91d9db (webtiles) character file.

Game seed: 7708464995142401110

13849 IdlyInterested the Cleaver (level 11, 0/90 HPs)
             Began as a Demonspawn Wanderer on July 22, 2022.
             Slain by a +2 flail of chaos (19 damage)
             ... on level 11 of the Dungeon.
             The game lasted 00:41:40 (14502 turns).

IdlyInterested the Cleaver (Demonspawn Wanderer)   Turns: 14502, Time: 00:41:40

Health: 0/90       AC: 13    Str: 23    XL:     11   Next: 81%
Magic:  2/7        EV: 14    Int: 10    God:
Gold:   636        SH: 18    Dex: 18    Spells: 12/12 levels left

rFire   + . .      SeeInvis .   U - +2 war axe (antimagic)
rCold   . . .      Faith    .   i - +0 tower shield
rNeg    . . .      Spirit   .   B - +0 acid dragon scales
rPois   .          Reflect  +   j - +0 helmet
rElec   .          Harm     .   (cloak unavailable)
rCorr   +          Rampage  .   (no gloves)
Will    ++...                   h - +1 pair of boots
Stlth   ++........              l - amulet of reflection
HPRegen 0.25/turn               P - +6 ring of strength
MPRegen 0.10/turn               S - ring "Ulishrak" {rF+ Will++ MP+9 Str-2 Dex+4}

@: mighty, agile
A: icy blue scales 1, powered by pain 1, spiny 1, weakness stinger 3
a: no special abilities


You were on level 11 of the Dungeon.
You visited 2 branches of the dungeon, and saw 13 of its levels.

You collected 636 gold pieces.

Inventory:

Hand Weapons
 r - a +0 war axe
 A - a +0 war axe of flaming
 G - a +4 spear
 U - a +2 antimagic war axe (weapon)
Missiles
 C - a curare-tipped dart
 H - a throwing net
Armour
 c - the +5 ring mail of Vusojer {rPois rF- rC- rN+++ Dex+5}
   (You found it on level 2 of the Dungeon)

   Dex:       It affects your dexterity (+5).
   rF:        It makes you vulnerable to fire.
   rC:        It makes you vulnerable to cold.
   rPois:     It protects you from poison.
   rN:        It renders you almost immune to negative energy.
 h - a +1 pair of boots (worn)
 i - a +0 tower shield (worn)
 j - a +0 helmet (worn)
 k - an orb of mayhem
 q - a +0 plate armour
 s - a +1 hat
 B - +0 acid dragon scales (worn)
Magical Staves
 y - a staff of fire
 z - a staff of death
Jewellery
 a - a ring of positive energy
 d - a ring of magical power
 l - an amulet of reflection (around neck)
 o - a ring of positive energy
 p - a +4 ring of evasion
 I - a ring of wizardry
 P - a +6 ring of strength (left hand)
 S - the ring "Ulishrak" (right hand) {rF+ Will++ MP+9 Str-2 Dex+4}
   (You found it on level 11 of the Dungeon)

   [ring of magical power]

   Str:       It affects your strength (-2).
   Dex:       It affects your dexterity (+4).
   rF:        It protects you from fire.
   MP:        It affects your magic capacity (+9).
   Will:      It greatly increases your willpower.
Wands
 b - a wand of flame (7) (quivered)
 D - a wand of polymorph (11)
 F - a wand of paralysis (9)
 K - a wand of mindburst (7)
 L - a wand of iceblast (1)
Scrolls
 n - 2 scrolls of poison
 u - a scroll of enchant weapon
 v - 4 scrolls of fear
 x - 3 scrolls of teleportation
 M - a scroll of magic mapping
 N - 3 scrolls of identify
 O - 4 scrolls of fog
 Q - 2 scrolls of amnesia
Potions
 e - a potion of heal wounds
 f - 4 potions of might
 g - 2 potions of magic
 m - 7 potions of curing
 w - a potion of flight
 E - 5 potions of haste
 J - a potion of resistance
 R - a potion of lignification
 T - a potion of mutation
Miscellaneous
 t - a lightning rod (inert)


   Skills:
 + Level 9.9 Fighting
 * Level 12.5 Axes
 + Level 7.6 Armour
 - Level 3.0 Dodging
 - Level 3.0 Stealth
 - Level 3.0 Shields
 - Level 1.0 Spellcasting
 - Level 3.0 Evocations


You had 12 spell levels left.
You didn't know any spells.
Your spell library contained the following spells:

 Spells                   Type           Power      Damage    Failure   Level
 Apportation              Tloc           0%         N/A       99%         1
 Beastly Appendage        Tmut           0%         N/A       99%         1
 Necrotise                Necr           0%         1d4       99%         1
 Summon Small Mammal      Summ           0%         N/A       99%         1
 Blink                    Tloc           0%         N/A       100%        2
 Wereblood                Tmut           0%         N/A       100%        2
 Dazzling Flash           Conj/Hex       0%         N/A       100%        3
 Gell's Gravitas          Tloc           0%         N/A       100%        3
 Inner Flame              Hex/Fire       0%         N/A       100%        3
 Spider Form              Tmut/Pois      0%         N/A       100%        3
 Teleport Other           Tloc           0%         N/A       100%        3
 Cause Fear               Hex            0%         N/A       100%        4
 Agony                    Necr           0%         N/A       100%        5
 Iskenderun's Battlesphe  Conj           0%         2d6       100%        5
 Manifold Assault         Tloc           0%         N/A       100%        5
 Silence                  Hex/Air        0%         N/A       100%        5
 Dispersal                Tloc           0%         N/A       100%        6
 Iron Shot                Conj/Erth      0%         9d1       100%        6
 Spellforged Servitor     Conj/Summ      0%         N/A       100%        7
 Storm Form               Tmut/Air       0%         N/A       100%        7
 Discord                  Hex            0%         N/A       100%        8
 Shatter                  Erth           0%         3d5*      100%        9


Dungeon Overview and Level Annotations

Branches:
Dungeon (12/15)            Temple (1/1) D:4            Lair (0/5) D:11
    Orc (0/2) D:10

Altars:
Ashenzari
Cheibriados
Dithmenos
Fedhas
Gozag
Hepliaklqana
Kikubaaqudgha
Makhleb
Nemelex Xobeh
Okawaru
Qazlal
Ru
Sif Muna
Trog
Uskayaw
Vehumet
Wu Jian
Xom
Yredelemnul

Shops:
D:1 *   D:10 (

Annotations:
D:11 speeev33's ghost, journeyman HOFi


Innate Abilities, Weirdness & Mutations

You are partially covered in icy blue scales. (AC +2)
You sometimes gain a little power by taking damage.
You are partially covered in sharp spines.
You have a sharp stinger which inflicts weakening toxins.


Message History

You feel very mighty all of a sudden.
Speeev33's ghost turns its malevolent gaze towards you.
You open the door. The +2 flail of chaos hits you!
You feel your power leaking away.
You closely miss the +2 flail of chaos. You tail-slap the +2 flail of chaos.
The +2 flail of chaos is lightly damaged.
The +2 flail of chaos hits you. The +2 flail of chaos burns you.
The +2 flail of chaos hits you!
You focus on the pain.
You feel agile all of a sudden. The +2 flail of chaos freezes you.
You hit the +2 flail of chaos but do no damage.
The +2 flail of chaos is lightly damaged.
You block the +2 flail of chaos's attack.
The +2 flail of chaos hits you.
You barely miss the +2 flail of chaos.
The +2 flail of chaos is lightly damaged.
The +2 flail of chaos hits you!
You focus on the pain.
You feel more agile all of a sudden. x2
The +2 flail of chaos is struck by your spines.
The +2 flail of chaos hits you but does no damage.
You slash the +2 flail of chaos!
The +2 flail of chaos is severely damaged.
The +2 flail of chaos hits you!
* * * LOW HITPOINT WARNING * * *
The +2 flail of chaos draws strength from your wounds!
The +2 flail of chaos hits you.
* * * LOW HITPOINT WARNING * * *
The +2 flail of chaos freezes you.
* * * LOW HITPOINT WARNING * * *
You barely miss the +2 flail of chaos.
The +2 flail of chaos is heavily damaged.
You block the +2 flail of chaos's attack.
The +2 flail of chaos hits you.
* * * LOW HITPOINT WARNING * * *
Unknown command.
You slash the +2 flail of chaos!
The +2 flail of chaos is severely damaged.
The +2 flail of chaos closely misses you.
The +2 flail of chaos hits you!!
You die...

############.#.#....#######....##
#.#.#.###...........# # #.#.#.#
#.#########.# ## #.#.#.# #.# #.#
.###########.#######.### #.#
#............##.##.....# ##.##
)##########..#$W.#.....######...#
## #..##(##[............). #
#.....@......######...#
#..|.................##
##########).........###########
##.......).....#######
...############# ####


You could see a +2 flail of chaos and speeev33's ghost.

Vanquished Creatures
  A hydra (D:11)
  A centaur warrior (D:7)
  2 two-headed ogres
  The ghost of bchevrier the Prestidigitator, a novice GnWn of Ru (D:8)
  Pikel (D:7)
  A cyclops (D:11)
  An unseen horror (D:10)
  Maggie (D:6)
  2 trolls
  3 meliai (D:11)
  Grinder (D:4)
  A ynoxinul (D:8)
  A vampire (D:11)
  2 wraiths
  3 wyverns
  2 steam dragons
  2 water moccasins
  3 acid dragons
  10 orc warriors
  3 ice beasts
  A sky beast (D:7)
  6 centaurs
  4 lemures (D:7)
  A kobold brigand (D:7)
  2 phantoms (D:6)
  6 scorpions
  2 wyvern zombies (D:8)
  2 bullfrogs
  3 necrophages
  12 wights
  25 killer bees
  10 howler monkeys
  A lava snake (D:9)
  A human zombie (D:8)
  5 jellies
  A hound (D:4)
  8 orc priests
  3 gnoll boudas
  3 iguanas
  16 orc wizards
  2 killer bee zombies (D:8)
  4 mummies (D:8)
  A howler monkey zombie (D:8)
  Robin (D:3)
  17 gnolls
  8 adders
  A shadow imp (D:7)
  2 white imps (D:6)
  3 ufetubi
  6 worms
  2 dart slugs
  79 orcs
  4 endoplasms
  2 giant cockroaches (D:2)
  5 hobgoblins
  5 jackals
  4 quokkas
  5 ball pythons
  4 bats
  2 frilled lizards
  12 goblins
  11 kobolds
  8 rats
342 creatures vanquished.

Vanquished Creatures (others)
  3 plants (D:8)
3 creatures vanquished.

Grand Total: 345 creatures vanquished

Notes
Turn   | Place    | Note
-------+----------+-------------------------------------------
     0 | D:1      | IdlyInterested the Demonspawn Wanderer began the quest for
                  | the Orb.
     0 | D:1      | IdlyInterested set off with the following items: a +0 hand
                  | axe, a wand of flame (15), a +0 ring mail, a potion of
                  | berserk rage.
     0 | D:1      | Reached XP level 1. HP: 13/13 MP: 2/2
   239 | D:1      | Reached skill level 1 in Fighting
   239 | D:1      | Gained mutation: You are partially covered in icy blue
                  | scales. (AC +2) [demonic ancestry]
   239 | D:1      | Reached XP level 2. HP: 11/21 MP: 3/3
   575 | D:1      | Reached XP level 3. HP: 7/26 MP: 4/4
  1007 | D:1      | Found Diogydd's General Store.
  1402 | D:2      | Reached skill level 2 in Axes
  1503 | D:2      | Reached XP level 4. HP: 32/33 MP: 5/5
  1778 | D:2      | Identified the +5 ring mail of Vusojer {rPois rF- rC- rN+++
                  | Dex+5}
  2067 | D:3      | Reached skill level 1 in Dodging
  2119 | D:3      | Noticed a scorpion
  2132 | D:3      | Killed a scorpion
  2133 | D:3      | Reached skill level 3 in Axes
  2133 | D:3      | Gained mutation: You sometimes gain a little power by
                  | taking damage. [demonic ancestry]
  2133 | D:3      | Reached XP level 5. HP: 28/39 MP: 6/6
  2661 | D:3      | Noticed Robin
  2676 | D:3      | Killed Robin
  3495 | D:4      | Reached XP level 6. HP: 40/46 MP: 7/7
  3548 | D:4      | Noticed Grinder
  3549 | D:4      | Paralysed by Grinder for 4 turns
  3556 | D:4      | Paralysed by Grinder for 2 turns
  3564 | D:4      | Paralysed by Grinder for 2 turns
  3573 | D:4      | Killed Grinder
  3574 | D:4      | Reached skill level 4 in Axes
  3908 | D:4      | Gained mutation: You have a small tail. [demonic ancestry]
  3908 | D:4      | Reached XP level 7. HP: 48/52 MP: 8/8
  3995 | D:4      | Found a staircase to the Ecumenical Temple.
  4036 | Temple   | Entered the Ecumenical Temple
  4298 | D:4      | Reached skill level 5 in Axes
  4316 | D:4      | Reached skill level 1 in Shields
  4586 | D:5      | Entered Level 5 of the Dungeon
  4687 | D:5      | Found a broken altar of Ashenzari.
  4759 | D:5      | Gained mutation: You are partially covered in sharp spines.
                  | [demonic ancestry]
  4759 | D:5      | Reached XP level 8. HP: 27/61 MP: 9/9
  4764 | D:5      | Reached skill level 6 in Axes
  5005 | D:5      | Found a sacrificial altar of Ru.
  5102 | D:5      | Reached skill level 5 in Fighting
  5581 | D:6      | Reached skill level 7 in Axes
  5622 | D:6      | Reached skill level 5 in Armour
  6036 | D:6      | Noticed Maggie
  6046 | D:6      | Killed Maggie
  6047 | D:6      | Gained mutation: You have a tail ending in a sharp stinger.
                  | [demonic ancestry]
  6047 | D:6      | Reached XP level 9. HP: 34/69 MP: 10/10
  6290 | D:6      | Found a basalt altar of Yredelemnul.
  6293 | D:6      | Found an ornate altar of the Wu Jian Council.
  6406 | D:6      | Found a radiant altar of Vehumet.
  6408 | D:6      | Found a stormy altar of Qazlal.
  6829 | D:7      | Reached skill level 8 in Axes
  7008 | D:7      | Found an iron altar of Okawaru.
  7126 | D:7      | Identified the +1 ring mail of Canwillu {Will- Int+5}
  7365 | D:7      | Noticed Pikel
  7381 | D:7      | Killed Pikel
  7549 | D:7      | Reached skill level 9 in Axes
  8249 | D:7      | Noticed a centaur warrior
  8259 | D:7      | Killed a centaur warrior
  8260 | D:7      | Gained mutation: You have a sharp stinger which inflicts
                  | weakening toxins. [demonic ancestry]
  8260 | D:7      | Reached XP level 10. HP: 49/80 MP: 11/11
  8692 | D:8      | Found a runed translucent door.
  8694 | D:8      | Noticed bchevrier's ghost (novice GnWn)
  9109 | D:8      | Paralysed by a wight for 5 turns
  9117 | D:8      | Paralysed by a wight for 3 turns
  9278 | D:8      | Reached skill level 10 in Axes
  9734 | D:8      | Noticed a two-headed ogre
  9746 | D:8      | Killed a two-headed ogre
  9751 | D:8      | Found a hazy altar of Hepliaklqana.
  9995 | D:8      | Found an ancient bone altar of Kikubaaqudgha.
 10254 | D:8      | Killed bchevrier's ghost
 10256 | D:8      | Reached skill level 11 in Axes
 10273 | D:8      | Got the Vellum of Geology
 10578 | D:9      | Found a snail-covered altar of Cheibriados.
 10673 | D:9      | Reached XP level 11. HP: 57/87 MP: 12/12
 10878 | D:9      | Found a bloodstained altar of Trog.
 11549 | D:9      | Found a burning altar of Makhleb.
 11550 | D:9      | Noticed a balrug
 11550 | D:9      | Noticed an angel
 11643 | D:10     | Entered Level 10 of the Dungeon
 12144 | D:10     | Found Venweg's Antique Weapon Emporium.
 12273 | D:10     | Found a staircase to the Orcish Mines.
 12813 | D:11     | You fall into a shaft and drop 1 floor!
 12814 | D:12     | Noticed a boulder beetle
 12873 | D:11     | Noticed an eight-headed hydra
 12893 | D:11     | Killed a three-headed hydra
 12986 | D:11     | Reached skill level 12 in Axes
 13150 | D:11     | Noticed a two-headed ogre
 13158 | D:11     | Killed a two-headed ogre
 13210 | D:11     | Identified the ring "Ulishrak" {rF+ Will++ MP+9 Str-2
                  | Dex+4}
 13357 | D:11     | HP: 4/90 [poisoned by a meliai]
 13749 | D:11     | Found a runed translucent door.
 13749 | D:11     | Found a shimmering altar of Xom.
 13749 | D:11     | Noticed a +2 flail of chaos
 13749 | D:11     | Noticed speeev33's ghost (journeyman HOFi)
 14449 | D:11     | Found a staircase to the Lair.
 14502 | D:11     | Slain by a +2 flail of chaos

Illustrated notes

Levels and vault maps discovered:
D:1:      evilmike_arrival_hilbert_curve, layout_loops_ring, serial_shops,
          nicolae_shop_behind_doors
D:2:      layout_rooms
D:3:      layout_basic, uniq_robin
D:4:      minmay_clustersquares, layout_cave_pools,
          minmay_temple_entry_mini_moons, minmay_quantized, uniq_grinder
D:5:      layout_gridville, mainiacjoe_overflow_alcove_4,
          mainiacjoe_overflow_catwalk
D:6:      layout_loops_ring, nicolae_overflow_hidden_temple, uniq_maggie
D:7:      minmay_inner_zag, layout_basic, kennysheep_okawaru_gauntlet,
          minmay_three_doors, uniq_pikel
D:8:      layout_basic, lemuel_mausoleum_altar_kikubaaqudgha,
          nzn_hepliaklqana_mist_gate, hellmonk_ghost_big_iron
D:9:      layout_basic, grunt_temple_overflow_order_and_chaos_2,
          trog_three_pillars_becter, cheibriados_altar_1,
          kennysheep_cluttered_room
D:10:     layout_stronghold, hiddenorc2_lemuel, serial_shops,
          kennysheep_mini_moat, serial_column_ruins, column_ruins_hut,
          column_ruins_open_small, column_ruins_columns_straight,
          column_ruins_open_medium, column_ruins_columns_T, column_ruins_grid_1,
          column_ruins_grid_1
D:11:     layout_loops_ring, lair_entry_dummy, ebering_ghost_xom,
          lemuel_flamethrower_2
D:12:     layout_rooms, gammafunk_ghost_fury_of_okawaru, uniq_erolcha
Temple:   nicolae_temple_two_arcs

Skill      XL: |  1  2  3  4  5  6  7  8  9 10 11 |
---------------+----------------------------------+-----
Fighting       | 1 2 3 4 5 7 8 9 |  9.9
Armour         | 4 5 6 7 |  7.6
Axes           | 2 3 4 5 7 9 11 12 | 12.5
Dodging        | 1 2 3 |  3.0
Stealth        | 2 3 |  3.0
Shields        | 2 3 |  3.0
Spellcasting   | |  1.0
Evocations     | |  3.0

Action                   |  1- 3 |  4- 6 |  7- 9 | 10-12 || total
-------------------------+-------+-------+-------+-------++-------
Melee: Hand axe          |    95 |   177 |       |       ||   272
       War axe           |       |    18 |   327 |   412 ||   757
       Tailslap          |       |       |    58 |    76 ||   134
Evoke: Wand              |     2 |     3 |     2 |     5 ||    12
       Lightning rod     |       |       |     4 |     6 ||    10
  Use: Potion            |     1 |     1 |       |     3 ||     5
       Scroll            |     4 |     7 |     3 |     6 ||    20
 Stab: Sleeping          |       |     1 |     3 |     4 ||     8
       Distracted        |       |       |       |     1 ||     1
Armor: Ring mail         |    29 |    67 |    48 |       ||   144
       Plate armour      |    10 |    13 |    67 |       ||    90
       Acid dragon scale |       |       |    32 |   137 ||   169
Dodge: Dodged            |    42 |    78 |   129 |   146 ||   395
Block: Other             |    15 |    16 |       |       ||    31
       Tower shield      |       |   115 |   411 |   438 ||   964
       Reflection        |       |     2 |    12 |     9 ||    23

Table legend: (Time is in decaauts)
 A = Elapsed time spent in this place.
 B = Non-inter-level travel time spent in this place.
 C = Inter-level travel time spent in this place.
 D = Time resting spent in this place.
 E = Time spent auto-exploring this place.
 F = Levels seen in this place.
 G = Mean time per level.
                   A        B        C        D        E       F      G
               +--------+--------+--------+--------+--------+-----+--------+
         Total |  14970 |  13707 |   1263 |   2497 |   7885 |  13 | 1151.5 |
       Dungeon |  14852 |  13589 |   1263 |   2497 |   7779 |  12 | 1237.7 |
        Temple |    118 |    118 |      0 |      0 |    106 |   1 |  118.0 |
               +--------+--------+--------+--------+--------+-----+--------+

Top non-repeatable levels by time:
     D:7: 2036 daAuts
     D:8: 1733 daAuts
    D:11: 1662 daAuts
     D:9: 1468 daAuts
     D:1: 1442 daAuts
     D:6: 1357 daAuts
     D:4: 1244 daAuts
     D:3: 1227 daAuts
    D:10: 1035 daAuts
     D:5: 832 daAuts
     D:2: 800 daAuts
  Temple: 118 daAuts
    D:12: 11 daAuts
